 Dungeon Crawl Stone Soup version 0.21.1-1-g345015f (webtiles) character file.

1911 toucherabbit the Chopper (level 9, -8/55 HPs)
             Began as a Gargoyle Chaos Knight on Mar 14, 2018.
             Mangled by a very large slime creature (28 damage)
             ... on level 5 of the Dungeon.
             The game lasted 00:13:24 (5922 turns).

toucherabbit the Chopper (Gargoyle Chaos Knight)    Turns: 5922, Time: 00:13:24

Health: -8/55      AC: 25    Str: 16    XL:     9   Next: 16%
Magic:  8/8        EV:  6    Int: 19    God:    Xom [..*...]
Gold:   253        SH:  0    Dex:  9    Spells: 8/8 levels left

rFire    + . .     SeeInvis +   v - +0 flail (protect)
rCold    x . .     Gourm    .   (no shield)
rNeg     + . .     Faith    .   A - +3 plate armour of Namuuppuira {rPois Str-2 Int+5 SInv}
rPois    ∞         Spirit   .   o - +0 helmet
rElec    +         Reflect  .   (no cloak)
rCorr    .         Harm     .   (no gloves)
MR       .....                  (no boots)
Stlth    ..........             (no amulet)
HPRegen  0.00/turn              d - ring of loudness (curse)
MPRegen  0.11/turn              p - ring of fire

@: corroded, protection aura
A: low mp 1, negative energy resistance 1, electricity resistance, inhibited
regeneration, unbreathing, petrification resistance, rot immunity, AC +6
a: Renounce Religion


You were on level 5 of the Dungeon.
You worshipped Xom.
You were a toy of Xom.
You were not hungry.

You visited 1 branch of the dungeon, and saw 7 of its levels.

You collected 253 gold pieces.

Inventory:

Hand Weapons
 a - a +0 hand axe of chaos
 v - a +0 flail of protection (weapon)
Missiles
 e - 3 throwing nets (quivered)
 i - 8 needles of paralysis
 q - 3 poisoned tomahawks
 r - 8 steel tomahawks
 u - 2 tomahawks
Armour
 b - a +2 leather armour
 o - a +0 helmet (worn)
 A - the +3 plate armour of Namuuppuira (worn) {rPois Str-2 Int+5 SInv}
   (You found it on level 6 of the Dungeon)

   It affects your strength (-2).
   It affects your intelligence (+5).
   It protects you from poison.
   It lets you see invisible.
Jewellery
 d - a cursed ring of loudness (left hand)
 p - a ring of fire (right hand)
 B - an uncursed ring of resist corrosion {unknown}
Wands
 E - a wand of iceblast (11)
Scrolls
 f - 3 scrolls of teleportation {unknown}
 g - 4 scrolls of immolation {unknown}
 h - 8 scrolls of identify
 j - a scroll of magic mapping {unknown}
 k - 5 scrolls of remove curse {unknown}
 l - 2 scrolls of noise {unknown}
 m - a scroll of amnesia {unknown}
 n - 2 scrolls of fear
 x - a scroll of enchant weapon {unknown}
 y - a scroll of torment {unknown}
Potions
 s - a potion of lignification {unknown}
 w - 4 potions of curing {unknown}
 z - a potion of heal wounds {unknown}
 C - a potion of agility {unknown}
 D - 2 potions of resistance {unknown}
Books
 t - a book of Debilitation

   Spells                             Type                      Level
   a - Corona                         Hexes                        1
   b - Slow                           Hexes                        2
   c - Inner Flame                    Hexes/Fire                   3
   d - Portal Projectile              Hexes/Translocation          3
   e - Cause Fear                     Hexes                        4
   f - Leda's Liquefaction            Hexes/Earth                  4
Comestibles
 c - 7 rations


   Skills:
 + Level 5.9 Fighting
 + Level 7.1(7.5) Axes
 + Level 3.9(6.3) Maces & Flails
 + Level 4.3 Armour
 + Level 3.7 Dodging
 + Level 4.0 Stealth


You had 8 spell levels left.
You didn't know any spells.

Dungeon Overview and Level Annotations

Branches:
Dungeon (7/15)             Temple (0/1) D:5

Altars:
Wu Jian
Xom

Shops:
D:6 [


Innate Abilities, Weirdness & Mutations

You are resistant to torment.
Your stone body is resilient. (AC +6)
You are immune to poison.
You resist negative energy. (rN+)
You are resistant to electric shocks. (rElec)
You can survive without breathing.
You are immune to petrification.
You are immune to rotting.
Your magical capacity is low. (-10% MP)
You do not regenerate when monsters are visible.


Message History

The fungus is splashed with acid.
The acid corrodes the fungus! "See what I see, my child!"
You detect creatures!
You are now a toy of Xom.
The slime creature hits you.
The jelly hits the fungus.
The fungus is splashed with acid.
The acid corrodes the fungus!
Something hits the fungus.
The fungus is destroyed!
Two slime creatures merge to form a large slime creature.
You sock the large slime creature!
The large slime creature is lightly wounded.
A slime creature suddenly becomes a very large slime creature.
You barely miss the very large slime creature.
The very large slime creature is lightly wounded.
You sock the very large slime creature!
The very large slime creature is lightly wounded.
The very large slime creature hits you!!
Ouch! That really hurt!
You die...
Xom giggles madly!

########## ?..P÷....#
÷..P...P.# .P.P.÷...#
.÷..JP...# .P.P.....#
.÷÷.JP.J.# #######J##
##..)..@## #.########
## ##..'....# ..
####....#
#.......###########
#.......##........#
#.......##...####.#
#...[...####.####.#####
##..)..## #.##.#.#....


You could see a very large slime creature and a jelly.

Vanquished Creatures
  Sigmund (D:3)
  A hippogriff (D:4)
  A hog (D:4)
  A spatial vortex (D:6)
  2 ogres (D:4)
  A sky beast (D:6)
  A centaur (D:6)
  3 big kobolds (D:5)
  2 bullfrogs
  A scorpion (D:5)
  A crimson imp (D:7)
  2 jellies (D:5)
  2 bullfrog skeletons
  A hound (D:7)
  3 orc priests (D:4)
  An iguana (D:4)
  An orc wizard (D:4)
  8 worker ants
  2 gnolls (D:7)
  5 adders
  3 oozes
  2 worms (D:2)
  4 dart slugs
  The ghost of dio423 the Caller, a weakling FeSu (D:3)
  11 orcs
  2 giant cockroaches
  3 goblins
  8 hobgoblins
  3 jackals (D:4)
  6 kobolds
  2 quokkas (D:7)
  A bat (D:2)
  7 frilled lizards
  A jackal skeleton (D:4)
  A quokka skeleton (D:6)
  3 rats
98 creatures vanquished.

Vanquished Creatures (collateral kills)
  A bullfrog (D:7)
  A gnoll shaman (D:7)
  A howler monkey skeleton (D:5)
  2 gnolls (D:7)
5 creatures vanquished.

Vanquished Creatures (others)
  3 fungi (D:5)
  5 toadstools (D:5)
8 creatures vanquished.

Grand Total: 111 creatures vanquished

Notes
Turn   | Place    | Note
-------+----------+-------------------------------------------
     0 | D:1      | toucherabbit the Gargoyle Chaos Knight began the quest for the Orb.
     0 | D:1      | Reached XP level 1. HP: 14/14 MP: 1/1
   181 | D:1      | Reached XP level 2. HP: 11/19 MP: 2/2
   194 | D:1      | Reached skill level 3 in Axes
   231 | D:1      | XOM: harmless Erth miscast
   553 | D:2      | Found an ornate altar of the Wu Jian Council.
   806 | D:2      | Reached XP level 3. HP: 24/24 MP: 3/3
   839 | D:2      | Reached skill level 1 in Dodging
  1501 | D:3      | Noticed Sigmund
  1517 | D:3      | Killed Sigmund
  1517 | D:3      | Reached skill level 4 in Axes
  1517 | D:3      | Reached XP level 4. HP: 3/29 MP: 4/4
  1517 | D:3      | Reached XP level 5. HP: 3/33 MP: 5/5
  1517 | D:3      | Reached XP level 6. HP: 4/38 MP: 6/6
  1893 | D:3      | Noticed dio423's ghost (weakling FeSu)
  1909 | D:3      | Killed dio423's ghost
  1997 | D:3      | XOM: give mutations
  1997 | D:3      | Gained mutation: Your magical capacity is low. (-10% MP) [Xom's mischief]
  1997 | D:3      | Gained mutation: You do not regenerate when monsters are visible. [Xom's mischief]
  1997 | D:3      | Gained mutation: You are clumsy. (Dex -2) [Xom's mischief]
  1997 | D:3      | Lost mutation: You are clumsy. (Dex -2) [Xom's mischief]
  2223 | D:3      | XOM: summons 3 hostile demons
  2514 | D:4      | Reached skill level 1 in Stealth
  2543 | D:4      | XOM: harmless Hex miscast
  2551 | D:4      | Reached skill level 5 in Axes
  2827 | D:4      | XOM: blink monster(s)
  2843 | D:4      | Reached XP level 7. HP: 44/44 MP: 6/6
  2869 | D:4      | Noticed a hog
  2869 | D:4      | an ogre changed into a hog
  2869 | D:4      | XOM: polymorph ogre -> hog
  2872 | D:4      | XOM: 2-stop teleportation journey
  2973 | D:4      | XOM: harmless Fire miscast
  3058 | D:4      | HP: 2/44 [orc wizard/magic dart (4)]
  3060 | D:4      | XOM: 2-stop teleportation journey
  3075 | D:4      | XOM: summons 1 hostile shadow creature
  3152 | D:4      | HP: 2/44 [orc wizard/spear (3)]
  3605 | D:4      | XOM: harmless Chrm miscast
  3802 | D:4      | Killed a hog
  3830 | D:4      | Noticed a hippogriff
  3842 | D:4      | Killed a hippogriff
  3842 | D:4      | Reached skill level 5 in Fighting
  3842 | D:4      | Reached skill level 6 in Axes
  3842 | D:4      | Reached XP level 8. HP: 21/49 MP: 7/7
  4039 | D:4      | XOM: god gift: 8 needles of paralysis
  4223 | D:5      | Entered Level 5 of the Dungeon
  4234 | D:5      | XOM: confuse monster(s)
  4281 | D:5      | XOM: god gift: 3 poisoned tomahawks
  4343 | D:5      | XOM: confuse monster(s)
  4410 | D:5      | XOM: divination: detect items
  4515 | D:5      | You fall through a shaft for 2 floors!
  4600 | D:7      | XOM: 3-stop teleportation journey
  4961 | D:7      | XOM: harmless Tloc miscast
  5067 | D:6      | Found Wiutehae's Antique Armour Shoppe.
  5140 | D:6      | XOM: noise
  5195 | D:6      | Reached skill level 7 in Axes
  5215 | D:6      | Got a twisted plate armour
  5226 | D:6      | Identified the +3 plate armour of Namuuppuira {rPois Str-2 Int+5 SInv} (You found it on level 6 of the Dungeon)
  5270 | D:6      | XOM: enchant monster (bad)
  5273 | D:6      | Reached skill level 1 in Maces & Flails
  5307 | D:6      | XOM: medium Summ miscast
  5412 | D:6      | XOM: blink monster(s)
  5424 | D:6      | XOM: mild Tmut miscast
  5651 | D:5      | XOM: scenery: create altars
  5661 | D:5      | XOM: cast spell 'Discord'
  5667 | D:5      | Reached XP level 9. HP: 53/55 MP: 8/8
  5709 | D:5      | XOM: 2-stop teleportation journey
  5788 | D:5      | Found a staircase to the Ecumenical Temple.
  5878 | D:5      | XOM: enchant monster (good)
  5918 | D:5      | XOM: divination: detect creatures
  5922 | D:5      | Mangled by a very large slime creature

Skill      XL: |  1  2  3  4  5  6  7  8  9 |
---------------+----------------------------+-----
Axes           | 3 4 5 6 7 |  7.1
Dodging        | 1 2 3 |  3.7
Fighting       | 4 5 |  5.9
Armour         | 3 4 |  4.3
Stealth        | 1 3 4 |  4.0
Maces & Flails | 2 3 |  3.9

Action                   |  1- 3 |  4- 6 |  7- 9 || total
-------------------------+-------+-------+-------++-------
Melee: Hand axe          |   117 |   114 |   184 ||   415
       Flail             |       |       |   163 ||   163
  Use: Potion            |     2 |       |     1 ||     3
       Scroll            |       |     1 |     2 ||     3
 Stab: Petrifying        |     1 |       |     1 ||     2
       Petrified         |       |     9 |     3 ||    12
       Paralysed         |       |     5 |       ||     5
       Confused          |       |       |     1 ||     1
       Distracted        |       |       |     1 ||     1
  Eat: Chunk             |     1 |     2 |    10 ||    13
       Ration            |       |     1 |       ||     1
Armor: Leather armour    |    33 |    51 |    96 ||   180
       Plate armour      |       |       |   146 ||   146
Dodge: Dodged            |    52 |    76 |   147 ||   275
